 Dungeon Crawl Stone Soup version 0.30.1-1-g62c8e00024 (webtiles) character file.

Game seed: 8282428147895232734

6447 Pepete the Destroyer (level 10, -3/63 HPs)
             Began as a Demonspawn Fire Elementalist on July 14, 2023.
             Was a Believer of Vehumet.
             Slain by a manticore (22 damage)
             ... on level 9 of the Dungeon.
             The game lasted 00:29:28 (27360 turns).

Pepete the Destroyer (DsFE)                        Turns: 27360, Time: 00:29:28

Health: -3/63      AC:  8    Str:  9    XL:     10   Next: 67%
Magic:  8/31       EV: 13    Int: 20    God:    Vehumet [**....]
Gold:   181        SH:  0    Dex: 24    Spells: 11/26 levels left

rFire   . . .        u - staff of earth "Revvude" {rC+ SInv}
rCold   + . .        (no shield)
rNeg    + + .        q - +2 robe
rPois   .            y - +2 hat
rElec   .            z - +1 cloak
rCorr   .            (no gloves)
SInv    +            (no boots)
Will    .....        h - amulet of regeneration
Stlth   ++++         C - ring of magical power
HPRegen 1.10/turn    k - ring of Keugej {rN++ Dex+6}
MPRegen 0.22/turn

%: no passive effects
@: about to teleport, spiked
A: horns 2, thin skeletal structure 2, spiny 1
a: Renounce Religion


You were on level 9 of the Dungeon.
You worshipped Vehumet.
Vehumet was pleased with you.
You visited 2 branches of the dungeon, and saw 10 of its levels.

You collected 493 gold pieces.
You spent 312 gold pieces at shops.

Inventory:

Missiles
 d - 2 silver javelins
Armour
 l - a scarf of invisibility
 m - +0 swamp dragon scales
 q - a +2 robe (worn)
 y - a +2 hat (worn)
 z - a +1 cloak (worn)
Magical Staves
 j - a staff of air
 u - the staff of earth "Revvude" (weapon) {rC+ SInv}
   (You bought it in a shop on level 4 of the Dungeon)

   [staff of earth]

   Base accuracy: +5 Base damage: 5 Base attack delay: 1.2 This weapon's minimum
   attack delay (0.6) is reached at skill level 12.
   rC:        It protects you from cold.
   SInv:      It lets you see invisible.
   It falls into the 'Staves' category.
   It is a one-handed weapon.
Jewellery
 b - an amulet of magic regeneration
 h - an amulet of regeneration (around neck)
 k - the ring of Keugej (right hand) {rN++ Dex+6}
   (You found it on level 4 of the Dungeon)

   [ring of dexterity]

   Dex:       It affects your dexterity (+6).
   rN:        It greatly protects you from negative energy.
 o - a +5 ring of evasion
 p - an amulet of the acrobat
 r - a ring of protection from fire
 C - a ring of magical power (left hand)
Wands
 a - a wand of roots (15)
 n - a wand of polymorph (16)
 v - a wand of quicksilver (6)
 w - a wand of mindburst (12)
Scrolls
 c - 2 scrolls of teleportation
 f - a scroll of amnesia
 g - 2 scrolls of poison
 s - 2 scrolls of fog
 t - a scroll of summoning
 B - 2 scrolls of identify
 D - 2 scrolls of fear
Potions
 e - 2 potions of flight
 i - 3 potions of curing
 A - a potion of might


   Skills:
 - Level 1.7 Dodging
 - Level 1.7 Stealth
 - Level 8.8 Spellcasting
 * Level 9.6 Conjurations
 * Level 9.2 Fire Magic


You had 11 spell levels left.
You knew the following spells:

 Your Spells              Type           Power      Damage    Failure   Level
a - Foxfire               Conj/Fire      100%       2x1d9     1%          1
b - Scorch                Fire           90%        2d8       1%          2
c - Blink                 Tloc           16%        N/A       12%         2
d - Volatile Blastmotes   Fire/Tloc      54%        2d14      3%          3
e - Hailstorm             Conj/Ice       28%        3d8       3%          3
f - Flame Wave            Conj/Fire      46%        2d12      1%          4

Your spell library contained the following spells:

 Spells                   Type           Power      Damage    Failure   Level
 Poisonous Vapours        Pois/Air       16%        N/A       12%         2
 Kiss of Death            Conj/Necr      100%       2d13      1%          1
 Magic Dart               Conj           100%       1d8       1%          1
 Momentum Strike          Conj/Tloc      56%        3d9       1%          2
 Inner Flame              Hex/Fire       27%        N/A       3%          3
 Mephitic Cloud           Conj/Pois/Air  21%        N/A       6%          3
 Call Imp                 Summ           16%        N/A       12%         2
 Lesser Beckoning         Tloc           16%        N/A       12%         2
 Confusing Touch          Hex            8%         N/A       24%         3
 Frozen Ramparts          Ice            16%        1d3       24%         3
 Ozocubu's Armour         Ice            8%         N/A       24%         3
 Animate Dead             Necr           8%         N/A       61%         4
 Dispel Undead            Necr           8%         3d8       61%         4
 Ice Form                 Ice/Tmut       8%         N/A       61%         4
 Manifold Assault         Tloc           8%         N/A       61%         4
 Dispersal                Tloc           4%         N/A       100%        6
 Simulacrum               Ice/Necr       4%         N/A       100%        6
 Ozocubu's Refrigeration  Ice            4%         4d8       100%        7
 Storm Form               Tmut/Air       4%         N/A       100%        7
 Borgnjor's Revivificati  Necr           4%         N/A       100%        8
 Disjunction              Tloc           4%         N/A       100%        8


Dungeon Overview and Level Annotations

Branches:
Dungeon (9/15)             Temple (1/1) D:5            Lair (0/5) D:9
    Orc: D:9-12

Altars:
Cheibriados
Dithmenos
Gozag
Hepliaklqana
Kikubaaqudgha
Makhleb
Nemelex Xobeh
Okawaru
Qazlal
Ru
Sif Muna
Trog
Uskayaw
Vehumet
Wu Jian
Xom
Yredelemnul
Jiyva

Shops:
D:4 *=***   D:6 *

Annotations:
D:4 3 runed translucent doors, Bloodjewel's ghost, amateur HOMo
D:8 2 transporters


Innate Abilities, Weirdness & Mutations

You have a pair of horns on your head.
You have a moderately thin skeletal structure. (Dex +4, Stealth++)
You are partially covered in sharp spines.


Message History

The hail pelts the manticore!
The manticore is moderately wounded.
You hear two shouts!
The foxfire hits the manticore.
The manticore is moderately wounded.
The manticore flicks its tail.
The volley of spikes hits you.
The barbed spikes become lodged in your body.
Casting: Hailstorm (dangerous; 3% risk of failure)
Confirm with . or Enter, or press ? or * to list all spells.
Flames lash the manticore.
The manticore is heavily wounded.
The manticore's fire resistance burns away.
A two-headed ogre comes into view.
It is wielding two +0 giant spiked clubs.
Unknown command.
Casting: Scorch (safe; 1% risk of failure)
Confirm with . or Enter, or press ? or * to list all spells.
Flames lash the manticore.
The manticore is burned terribly!
The manticore is severely wounded.
Your foxfire dissipates!
The manticore flicks its tail.
The volley of spikes hits you!
The barbed spikes become lodged in your body.
As you read the scroll of teleportation, it crumbles to dust.
You feel strangely unstable.
Unknown command.
Casting: Scorch (safe; 1% risk of failure)
Confirm with . or Enter, or press ? or * to list all spells.
Flames lash the manticore.
The manticore is burned terribly!
The manticore is almost dead.
The manticore is struck by your spines. The manticore bites you!
* * * LOW HITPOINT WARNING * * *
The manticore claws you but does no damage. x2
Casting: Scorch (safe; 1% risk of failure)
Confirm with . or Enter, or press ? or * to list all spells.
Flames lash the two-headed ogre.
The two-headed ogre is lightly wounded.
The two-headed ogre's fire resistance burns away.
The manticore bites you!!
You die...

####### ######+###
#...... #..O@....#
#...... #..H###...#
#...... #...#
...####...... #..)#
...#†'...... #..)#
..#o#...... #....
))o#...... #.....
.....#...|..
#.!.....>.....#......
#............##......


You could see a two-headed ogre (combustible) and a manticore (combustible).

Vanquished Creatures
  Erica (D:8)
  Maurice (D:8)
  A shadow (D:7)
  6 yaks (D:8)
  A wyvern (D:8)
  Eustachio (D:5)
  2 vampire mosquitoes (D:8)
  A steam dragon (D:6)
  Menkaure (D:4)
  2 wargs (D:9)
  A water moccasin (D:7)
  A sky beast (D:6)
  An orc warrior (D:8)
  An ice beast (D:6)
  An ogre (D:7)
  A phantom (D:4)
  5 bullfrogs
  A gnoll sergeant (D:6)
  A scorpion (D:5)
  A wyvern zombie (D:7)
  A water moccasin zombie (D:7)
  9 wights (D:7)
  9 killer bees
  6 howler monkeys
  A vampire bat (D:5)
  6 centaur zombies (D:7)
  3 hounds
  5 orc priests
  2 bullfrog zombies (D:7)
  2 sleepcaps
  3 iguanas
  6 orc wizards
  Terence (D:2)
  A killer bee zombie (D:7)
  2 howler monkey zombies (D:7)
  8 gnolls
  13 adders
  2 shadow imps (D:7)
  2 white imps
  2 ufetubi
  A worm (D:2)
  2 dart slugs
  3 fire bats (D:5)
  28 orcs
  2 spectral bats (D:5)
  13 bats
  3 bat skeletons (D:5)
  A bat zombie (D:5)
  5 endoplasms
  6 giant cockroaches
  8 goblins
  5 hobgoblins
  4 jackals (D:1)
  7 kobolds
  3 quokkas
  8 ball pythons
  A bat simulacrum (D:5)
  3 frilled lizards
  5 rats
223 creatures vanquished.

Vanquished Creatures (others)
  1025 foxfires
1025 creatures vanquished.

Grand Total: 1248 creatures vanquished

Notes
Turn   | Place    | Note
-------+----------+-------------------------------------------
     0 | D:1      | Pepete the Demonspawn Fire Elementalist began the quest for
                  | the Orb.
     0 | D:1      | Reached XP level 1. HP: 13/13 MP: 3/3
  1269 | D:1      | Gained mutation: You have a somewhat thin skeletal
                  | structure. (Dex +2, Stealth+) [demonic ancestry]
  1269 | D:1      | Reached XP level 2. HP: 19/19 MP: 1/5
  3440 | D:2      | Reached XP level 3. HP: 13/24 MP: 4/7
  3632 | D:2      | Found a shimmering blue altar of Sif Muna.
  4995 | D:2      | Noticed Terence
  5005 | D:2      | Learned a level 2 spell: Scorch
  5063 | D:2      | Killed Terence
  5064 | D:2      | Gained mutation: You are partially covered in sharp spines.
                  | [demonic ancestry]
  5064 | D:2      | Reached XP level 4. HP: 3/30 MP: 0/10
  8310 | D:3      | Gained mutation: You have a pair of small horns on your
                  | head. [demonic ancestry]
  8310 | D:3      | Reached XP level 5. HP: 35/35 MP: 8/12
  8701 | D:4      | Found Toapayx's General Store.
  8707 | D:4      | Learned a level 2 spell: Blink
  8711 | D:4      | Learned a level 3 spell: Volatile Blastmotes
  8716 | D:4      | Found Wurchase's Assorted Antiques.
  8753 | D:4      | Reached skill level 5 in Spellcasting
  9244 | D:4      | Found Melabbin's Assorted Antiques.
  9331 | D:4      | Noticed an ice beast
  9333 | D:4      | Noticed Bloodjewel's ghost (amateur HOMo)
  9334 | D:4      | Identified the ring of Keugej {rN++ Dex+6}
  9361 | D:4      | Found a runed translucent gate.
  9361 | D:4      | Found a runed translucent gate.
  9361 | D:4      | Found a runed translucent gate.
  9366 | D:4      | Found a burning altar of Makhleb.
  9366 | D:4      | Found a hide-covered altar of Uskayaw.
  9366 | D:4      | Found an iron altar of Okawaru.
  9374 | D:4      | Noticed a phantom
  9380 | D:4      | Killed a phantom
  9662 | D:4      | Found Nakhliohu's Jewellery Emporium.
  9768 | D:4      | Reached XP level 6. HP: 41/41 MP: 5/14
 10140 | D:4      | Found Siwk's General Store.
 10184 | D:4      | Noticed Menkaure
 10186 | D:4      | Killed Menkaure
 10787 | D:5      | Entered Level 5 of the Dungeon
 11821 | D:5      | Gained mutation: You have a pair of horns on your head.
                  | [demonic ancestry]
 11821 | D:5      | Reached XP level 7. HP: 46/46 MP: 10/17
 12251 | D:5      | Found an opulent altar of Gozag.
 12307 | D:5      | Noticed Eustachio
 12927 | D:5      | Killed Eustachio
 14074 | D:5      | Found a staircase to the Ecumenical Temple.
 14084 | Temple   | Entered the Ecumenical Temple
 14176 | Temple   | Became a worshipper of Vehumet
 15101 | D:5      | Reached XP level 8. HP: 52/52 MP: 15/20
 15726 | D:6      | Found Sitauh's General Store.
 16120 | D:6      | Learned a level 3 spell: Hailstorm
 16265 | D:6      | Found a stormy altar of Qazlal.
 16628 | D:4      | Bought a sapphire staff for 312 gold pieces
 16628 | D:4      | Identified the staff of earth "Revvude" {rC+ SInv} (You
                  | bought it in a shop on level 4 of the Dungeon)
 16696 | D:6      | Learned a level 4 spell: Flame Wave
 17182 | D:6      | Reached * piety under Vehumet
 17182 | D:6      | Offered knowledge of Freeze by Vehumet.
 19107 | D:7      | Reached skill level 5 in Fire Magic
 19603 | D:7      | Reached skill level 5 in Conjurations
 19603 | D:7      | Gained mutation: You have a moderately thin skeletal
                  | structure. (Dex +4, Stealth++) [demonic ancestry]
 19603 | D:7      | Reached XP level 9. HP: 57/57 MP: 13/21
 23462 | D:7      | Got the Tome of the Catacomb and Algor
 24041 | D:8      | Noticed Maurice
 24049 | D:8      | Killed Maurice
 24910 | D:8      | Reached XP level 10. HP: 59/63 MP: 18/22
 24979 | D:8      | Reached ** piety under Vehumet
 25006 | D:8      | Offered knowledge of Poisonous Vapours by Vehumet.
 26012 | D:8      | Noticed Erica
 26020 | D:8      | Killed Erica
 26379 | D:8      | Found a viscous altar of Jiyva.
 26657 | D:8      | Found a transporter.
 26662 | D:8      | Found a transporter.
 27316 | D:9      | Found a staircase to the Lair.
 27351 | D:9      | Noticed a manticore
 27356 | D:9      | Noticed a two-headed ogre
 27360 | D:9      | Slain by a manticore

Illustrated notes

Levels and vault maps discovered:
D:1:      psy_arrival_radial01, layout_loops_ring
D:2:      layout_basic, basic_altar, chequers_serial_rivers_small_b,
          chequers_serial_rivers_marsh, minmay_misc_feat_iff,
          minmay_snake_closets, uniq_terence
D:3:      layout_basic
D:4:      layout_gridville, chequers_temple_overflow_statue_of_worship,
          serial_shops, nicolae_stop_n_shop_1, shop, nicolae_diamond_shop, shop,
          shop, gammafunk_ghost_icy, minivault_1, supply_closet_lemuel,
          uniq_menkaure
D:5:      layout_rooms, marbit_many_paths, grunt_gozag_statues, temple_statues,
          serial_bayou_ford_a, goddamned_bats, uniq_eustachio
D:6:      layout_loops_ring, old_standard_altar, serial_shops, shop,
          serial_co_window_serial, co_window_paths_a, co_window_paths_a,
          co_window_of_opportunity_a, co_window_paths_a, co_window_corner_a,
          co_window_corner_cb, co_window_corner_b, co_window_paths_c,
          co_window_paths_c, co_window_corner_ca, co_window_of_opportunity_c,
          co_window_sun, glass_columns_a, glass_columns_b, glass_columns_b
D:7:      layout_cave_pods, serial_undead, serial_undead_f, serial_undead_b,
          serial_undead_a, serial_undead_a, serial_undead_c, serial_undead_b,
          serial_undead_a, serial_undead_c, chequers_serial_rivers_small_a
D:8:      gammafunk_jiyva_shrine, layout_cave_pools, uniq_maurice, uniq_erica
D:9:      layout_roguey, lemuel_doored_altar, erik_lair_orcish_takeover,
          enter_bailey_3, serial_shops, nicolae_shop_back_alley_shop,
          hangedman_decor_slide_cut
Temple:   nicolae_temple_great_sept

Skill      XL: |  1  2  3  4  5  6  7  8  9 10 |
---------------+-------------------------------+-----
Spellcasting   | 3 4 5 7 8 |  8.8
Fire Magic     | 5 7 9 |  9.2
Conjurations   | 5 7 9 |  9.6
Dodging        | |  1.7
Stealth        | |  1.7

Action                     |  1- 3 |  4- 6 |  7- 9 | 10-12 || total
---------------------------+-------+-------+-------+-------++-------
  Melee: Unarmed           |    11 |       |     4 |       ||    15
         Headbutt          |       |       |     2 |       ||     2
   Cast: Foxfire           |   125 |   112 |   293 |    79 ||   609
         Scorch            |     3 |    29 |    93 |    28 ||   153
         Hailstorm         |       |       |     4 |     6 ||    10
         Volatile Blastmot |       |       |       |     6 ||     6
    Use: Potion            |     6 |     1 |     2 |     4 ||    13
         Scroll            |       |    10 |     6 |     2 ||    18
   Stab: Invisible         |     2 |       |       |       ||     2
 Armour: Robe              |     4 |     2 |     7 |     5 ||    18
         Skin              |    19 |       |    22 |       ||    41
  Dodge: Dodged            |    46 |    19 |    96 |    20 ||   181
